 Dungeon Crawl Stone Soup version 0.28.0 (webtiles) character file.

Game seed: 13483327119475207575

69381 Majang the Cleaver (level 14, -4/107 HPs)
             Began as a Palentonga Fighter on Feb 13, 2022.
             Was the Champion of Hepliaklqana.
             Slain by Mlioglotl (9 damage)
             ... on level 1 of the Shoals.
             The game lasted 01:23:16 (24711 turns).

Majang the Cleaver (Palentonga Fighter)            Turns: 24711, Time: 01:23:17

Health: -4/107     AC: 31    Str: 23    XL:     14   Next: 90%
Magic:  30/30      EV:  8    Int:  9    God:    Hepliaklqana [******]
Gold:   1046       SH: 10    Dex: 14    Spells: 13/13 levels left

rFire   . . .      SeeInvis +   i - +3 broad axe
rCold   . . .      Faith    .   U - +0 kite shield
rNeg    + . .      Spirit   .   r - +7 chain mail of the World {Str-2 Dex+3 SInv}
rPois   .          Reflect  .   E - +2 helmet of the Villain {rN+ rCorr Str+2}
rElec   .          Harm     .   e - +1 cloak
rCorr   +          Rampage  .   c - +0 pair of gloves
Will    +....                   (no barding)
Stlth   ..........              S - amulet of regeneration
HPRegen 1.07/turn               K - ring of magical power
MPRegen 0.22/turn               (no ring)

@: mighty, afraid, spiked, curled up
A: reduced essence, large, rugged brown scales 3, see invisible, deformed body,
roll 1, armoured tail, reflexive curl
a: Rolling Charge, Renounce Religion, Recall Ancestor, Ancestor Identity,
Transference, Idealise


You were on level 1 of the Shoals.
You worshipped Hepliaklqana.
Hepliaklqana was exalted by your worship.
You visited 5 branches of the dungeon, and saw 22 of its levels.

You collected 2430 gold pieces.
You spent 1384 gold pieces at shops.

Inventory:

Hand Weapons
 a - a +2 vampiric battleaxe
 b - a +7 battleaxe of flaming
 i - a +3 broad axe (weapon)
 l - a +1 hand axe of electrocution
 t - a +2 whip of electrocution
Missiles
 p - 4 throwing nets
Armour
 c - a +0 pair of gloves (worn)
 e - a +1 cloak (worn)
 r - the +7 chain mail of the World (worn) {Str-2 Dex+3 SInv}
   (You found it on level 4 of the Dungeon)

   Str:       It affects your strength (-2).
   Dex:       It affects your dexterity (+3).
   SInv:      It lets you see invisible.
 y - a +1 leather armour of poison resistance
 E - the +2 helmet of the Villain (worn) {rN+ rCorr Str+2}
   (You found it on level 8 of the Dungeon)

   Str:       It affects your strength (+2).
   rN:        It protects you from negative energy.
   rCorr:     It protects you from acid and corrosion.
 M - a +2 plate armour of cold resistance
 O - a scarf of repulsion
 U - a +0 kite shield (worn)
Jewellery
 v - a ring of ice
 K - a ring of magical power (left hand)
 P - a ring of resist corrosion
 S - an amulet of regeneration (around neck)
 T - an amulet of reflection
Wands
 s - a wand of flame (33)
 A - a wand of digging (11)
 C - a wand of iceblast (15)
 G - a wand of paralysis (8)
 N - a wand of charming (7)
 Q - a wand of mindburst (7)
Scrolls
 g - 2 scrolls of fog
 k - 5 scrolls of teleportation
 m - 2 scrolls of blinking
 n - 5 scrolls of identify
 u - 2 scrolls of enchant armour
 B - 2 scrolls of immolation
 F - 2 scrolls of silence
 J - a scroll of fear
Potions
 d - 6 potions of might
 f - 12 potions of curing
 h - 5 potions of flight
 j - 2 potions of magic
 o - 3 potions of berserk rage
 q - 3 potions of haste
 w - 7 potions of heal wounds
 x - a potion of resistance
 z - 2 potions of mutation
 D - 6 potions of lignification
 L - 3 potions of ambrosia
 R - a potion of invisibility
Miscellaneous
 H - a phial of floods
 I - a condenser vane


   Skills:
 + Level 10.5 Fighting
 * Level 14.4 Axes
 + Level 8.4 Armour
 + Level 7.9 Dodging
 - Level 8.0 Shields
 + Level 10.4 Invocations
 + Level 8.7 Evocations


You had 13 spell levels left.
You didn't know any spells.
Your spell library contained the following spells:

 Spells                   Type           Power      Damage    Failure   Level
 Foxfire                  Conj/Fire      0%         2x1d4     99%         1
 Magic Dart               Conj           0%         1d3       99%         1
 Pain                     Necr           0%         1d4       99%         1
 Sandblast                Erth           0%         2d4       99%         1
 Call Imp                 Summ           0%         N/A       100%        2
 Passwall                 Tmut/Erth      0%         N/A       100%        2
 Searing Ray              Conj           0%         2d4       100%        2
 Conjure Flame            Conj/Fire      0%         6-21      100%        3
 Ignite Poison            Fire/Tmut/Pois 0%         N/A       100%        3
 Mephitic Cloud           Conj/Pois/Air  0%         N/A       100%        3
 Portal Projectile        Hex/Tloc       0%         N/A       100%        3
 Stone Arrow              Conj/Erth      0%         3d7       100%        3
 Animate Armour           Summ/Erth      0%         N/A       100%        4
 Fulminant Prism          Conj/Hex       0%         3d6       100%        4
 Sticky Flame             Conj/Fire      0%         2d3       100%        4
 Summon Cactus Giant      Summ           0%         N/A       100%        6
 Borgnjor's Revivificati  Necr           0%         N/A       100%        8
 Infestation              Necr           0%         N/A       100%        8


Dungeon Overview and Level Annotations

Branches:
Dungeon (12/15)            Temple (1/1) D:7            Lair (6/6) D:11
 Shoals (1/4) Lair:2        Snake (0/4) Lair:3        Slime (0/5) Lair:6
    Orc (2/2) D:11            Elf (0/3) Orc:2

Altars:
Ashenzari
Cheibriados
Dithmenos
Elyvilon
Fedhas
Gozag
Hepliaklqana
Kikubaaqudgha
Makhleb
Nemelex Xobeh
Okawaru
Qazlal
Ru
Sif Muna
Trog
Uskayaw
Vehumet
Wu Jian
Xom
Yredelemnul
Zin
The Shining One
Beogh
Jiyva

Shops:
Orc:2 !(=!

Annotations:
D:12 2 transporters, puimuR's ghost, journeyman SpSu
Lair:3 exclusion: 2 oklob plants
Lair:6 1 runed translucent door
Shoals:1 Mlioglotl


Innate Abilities, Weirdness & Mutations

Your life essence is reduced to manifest your ancestor. (-10% HP)
You are completely covered in rugged brown scales. (AC +3, +7% HP)
You have supernaturally acute eyesight. (SInv)
Armour fits poorly on your strangely shaped body.
You can roll at nearby foes to attack.
You have a long armoured tail.
You curl defensively after being hit. (AC +7*)


Message History

You are terrified of Mlioglotl!
You feel very mighty all of a sudden.
The merfolk siren chants its luring song.
Mlioglotl hits you but does no damage. Mlioglotl barely misses you.
Eumel hits the merfolk siren with a +0 flail.
You slash Mlioglotl!
Your tail-slap misses Mlioglotl.
Mlioglotl is moderately wounded.
Mlioglotl hits you. You block Mlioglotl's attack.
The merfolk siren chants its luring song.
Eumel hits the merfolk siren with a +0 flail!
You block Mlioglotl's attack. Mlioglotl tramples you!
You hold your ground!
You barely miss Mlioglotl. You tail-slap Mlioglotl!
Mlioglotl is moderately wounded.
The merfolk siren chants its luring song.
Mlioglotl churns violently!
Mlioglotl corrupts the dungeon around him!
Eumel hits the merfolk siren with a +0 flail!
You break out of your daze!
The merfolk siren dies!
You hear a splash.
The manticore flicks its tail.
The volley of spikes hits you!
The barbed spikes become lodged in your body.
You slice Mlioglotl!!
You tail-slap Mlioglotl, but do no damage.
Mlioglotl is heavily wounded.
Mlioglotl hits you!!
* * * LOW HITPOINT WARNING * * *
You block Mlioglotl's attack.
The manticore flicks its tail.
The volley of spikes hits you but does no damage.
You slash Mlioglotl!
Your tail-slap misses Mlioglotl.
Mlioglotl is heavily wounded.
Mlioglotl hits you but does no damage. Mlioglotl tramples you!
* * * LOW HITPOINT WARNING * * *
You hold your ground!
The manticore flicks its tail.
You block the volley of spikes.
Eumel hits Mlioglotl with a +0 flail.
Mlioglotl hits you!
You die...

≈≈P..##.......†....##......
≈≈PP...................#...
≈≈≈≈≈...≈.....##.......##:.
≈≈≈P≈≈......####....≈.## ..
≈≈≈≈≈≈.....## ###...... ..
≈≈≈≈≈≈≈...## #....... ..
≈≈≈≈≈≈Z..## ..≈≈≈≈≈ .
≈≈≈≈≈≈≈≈.### ≈≈
≈≈≈≈≈≈)≈RX@# ≈≈≈≈≈......#
≈≈≈≈..##......
≈≈≈≈≈....H......
≈≈≈≈.≈...≈####..≈
≈≈≈≈≈≈≈..≈.# ..
≈≈≈≈.###.... . ≈. ##.≈≈.


You could see the friendly Eumel the knight, Mlioglotl (strong, scary, ally
target), a manticore and a naga warrior skeleton (summoned).

Vanquished Creatures
  7 hydras
  A boulder beetle (D:12)
  Erolcha (Orc:2)
  Harold (D:7)
  A two-headed ogre (D:12)
  A death knight (D:11)
  A merfolk avatar (Shoals:1)
  A deep troll shaman (Lair:6)
  6 death yaks (Lair:6)
  Urug (Orc:1)
  A sea snake (Shoals:1)
  Pikel (D:7)
  A lindwurm (Lair:6)
  4 cyclopes
  3 orc knights
  8 orc sorcerers (Orc:2)
  An ugly thing (D:12)
  4 elephants (Lair:6)
  2 black mambas
  A merfolk siren (Shoals:1)
  11 cane toads
  2 unseen horrors (D:12)
  7 komodo dragons
  4 rime drakes
  A queen bee (Lair:3)
  A wind drake (shapeshifter) (D:12)
  2 trolls
  4 polar bears
  4 slime creatures (D:12)
  12 blink frogs
  A vampire (D:12)
  2 wraiths (D:11)
  47 yaks
  5 wyverns
  A basilisk (Lair:3)
  A water elemental (Shoals:1)
  A vampire mosquito (D:10)
  5 wargs
  23 water moccasins
  2 acid dragons
  3 black bears
  An ice beast (D:6)
  18 orc warriors
  A sky beast (D:7)
  An ogre (Orc:1)
  17 wolves
  A lemure (D:7)
  10 bullfrogs
  A water moccasin skeleton (D:5)
  22 killer bees
  An electric eel (Lair:2)
  A jelly (D:8)
  A bullfrog zombie (D:6)
  A centaur zombie (D:7)
  3 hounds
  12 orc priests
  A gnoll shaman (Orc:2)
  A centaur skeleton (D:7)
  Ijyb (D:4)
  A scorpion zombie (D:5)
  2 iguanas
  20 orc wizards
  5 hell rats
  A killer bee zombie (D:7)
  19 gnolls
  5 adders
  A white imp (D:5)
  An ufetubus (D:5)
  An adder skeleton (D:4)
  A worm (D:3)
  74 orcs
  2 ball pythons (D:4)
  7 bats
  3 endoplasms
  2 giant cockroaches
  2 goblins
  A hobgoblin (D:3)
  4 jackals (D:1)
  5 kobolds
  4 quokkas
  3 frilled lizards
  3 rats
447 creatures vanquished.

Vanquished Creatures (collateral kills)
  2 hydras
  A catoblepas (Lair:6)
  A two-headed ogre (D:9)
  A sea snake (Shoals:1)
  2 orc sorcerers
  A cyclops (D:10)
  A merfolk siren (Shoals:1)
  3 elephants (Lair:6)
  A guardian serpent (Lair:3)
  A black mamba (Lair:6)
  5 cane toads
  Maggie (D:6)
  A rime drake (Lair:2)
  3 komodo dragons
  A troll (D:11)
  A polar bear (Lair:4)
  7 blink frogs
  2 wyverns (Lair:3)
  14 yaks
  3 basilisks
  2 vampire mosquitoes (D:10)
  6 orc warriors
  7 water moccasins
  2 ice beasts (D:7)
  A black bear (D:5)
  A wolf (Lair:1)
  A centaur (D:5)
  A lemure (D:7)
  4 bullfrogs
  A gnoll sergeant (Orc:2)
  A scorpion (D:7)
  12 killer bees (Lair:3)
  A centaur zombie (D:9)
  A hound (D:4)
  2 gnoll shamans
  A hell rat (Lair:6)
  11 orc wizards
  A killer bee zombie (D:8)
  A howler monkey zombie (D:10)
  An adder (D:5)
  7 gnolls
  11 orcs
  A ball python (D:3)
  4 goblins
  A kobold (D:4)
  A rat (D:2)
135 creatures vanquished.

Vanquished Creatures (others)
  An ogre mage (Orc:2)
  8 knights
  An orc wizard (Orc:1)
  45 fungi
  70 plants
125 creatures vanquished.

Grand Total: 707 creatures vanquished

Notes
Turn   | Place    | Note
-------+----------+-------------------------------------------
     0 | D:1      | Majang the Palentonga Fighter began the quest for the Orb.
     0 | D:1      | Reached XP level 1. HP: 19/19 MP: 1/1
   145 | D:1      | Reached XP level 2. HP: 17/25 MP: 2/2
   333 | D:1      | Reached skill level 3 in Axes
   497 | D:1      | Found a faded altar of an unknown god.
   505 | D:1      | Prayed at the altar of an unknown god.
   505 | D:1      | Became a worshipper of Hepliaklqana the Forgotten
   505 | D:1      | Reached * piety under Hepliaklqana
   887 | D:2      | Reached XP level 3. HP: 28/28 MP: 3/3
  1465 | D:3      | Reached XP level 4. HP: 15/35 MP: 4/4
  1752 | D:3      | Found a snail-covered altar of Cheibriados.
  1764 | D:3      | Reached skill level 4 in Axes
  1993 | D:3      | Reached ** piety under Hepliaklqana
  1994 | D:3      | Remembered your ancestor Eumel as a knight
  2457 | D:4      | Reached XP level 5. HP: 34/40 MP: 5/5
  2520 | D:4      | Identified the +7 chain mail of the World {Str-2 Dex+3
                  | SInv}
  2810 | D:4      | Noticed Ijyb
  2818 | D:4      | Killed Ijyb
  2819 | D:4      | Reached skill level 5 in Axes
  2953 | D:4      | Reached XP level 6. HP: 36/47 MP: 6/6
  3416 | D:4      | Found a shimmering blue altar of Sif Muna.
  3647 | D:5      | Entered Level 5 of the Dungeon
  3748 | D:5      | Noticed a water moccasin
  3758 | D:5      | Killed a water moccasin
  3759 | D:5      | Reached skill level 1 in Invocations
  3759 | D:5      | Reached skill level 1 in Evocations
  3759 | D:5      | Gained mutation: You curl defensively after being hit. (AC
                  | +7*) [Palentonga growth]
  3759 | D:5      | Reached XP level 7. HP: 40/53 MP: 7/7
  3761 | D:5      | Reached skill level 1 in Dodging
  3914 | D:5      | Reached *** piety under Hepliaklqana
  3951 | D:5      | Reached skill level 6 in Axes
  3955 | D:5      | Reached skill level 5 in Fighting
  4528 | D:6      | Noticed Maggie
  4541 | D:6      | Killed Maggie
  4542 | D:6      | Reached XP level 8. HP: 21/60 MP: 4/9
  5106 | D:6      | Reached **** piety under Hepliaklqana
  5614 | D:7      | Reached skill level 7 in Axes
  5875 | D:7      | Found a staircase to the Ecumenical Temple.
  5887 | Temple   | Entered the Ecumenical Temple
  6277 | D:7      | Noticed Pikel
  6290 | D:7      | Killed Pikel
  6291 | D:7      | Reached XP level 9. HP: 42/66 MP: 7/11
  6440 | D:7      | Noticed Harold
  6449 | D:7      | Killed Harold
  6450 | D:7      | Reached skill level 8 in Axes
  7114 | D:8      | Identified the +2 helmet of the Villain {rN+ rCorr Str+2}
  7902 | D:9      | Got the Almanac of Creative Dislocation
  7975 | D:9      | Reached XP level 10. HP: 46/74 MP: 8/13
  8063 | D:9      | Reached skill level 5 in Invocations
  8165 | D:9      | Noticed a two-headed ogre
  8172 | D:9      | Killed a two-headed ogre
  8300 | D:9      | Reached ***** piety under Hepliaklqana
  8525 | D:10     | Entered Level 10 of the Dungeon
  8817 | D:10     | Reached skill level 9 in Axes
  8885 | D:10     | Found an ancient bone altar of Kikubaaqudgha.
  8887 | D:10     | Noticed a cyclops
  8892 | D:10     | Found a radiant altar of Vehumet.
  8896 | D:10     | Killed a cyclops
  9361 | D:11     | Noticed a five-headed hydra
  9372 | D:11     | Killed a five-headed hydra
  9373 | D:11     | Reached skill level 5 in Armour
  9373 | D:11     | Reached skill level 5 in Shields
  9439 | D:11     | Noticed a death knight
  9442 | D:11     | Noticed a cyclops
  9726 | D:11     | Killed a cyclops
  9727 | D:11     | Reached skill level 5 in Evocations
  9746 | D:11     | Killed a death knight
  9747 | D:11     | Reached XP level 11. HP: 13/81 MP: 2/15
 10145 | D:11     | Reached skill level 10 in Axes
 10287 | D:11     | Found a staircase to the Orcish Mines.
 10570 | D:11     | Found a staircase to the Lair.
 10746 | Lair:1   | Entered Level 1 of the Lair of Beasts
 11327 | Lair:1   | Reached skill level 5 in Dodging
 11635 | Lair:1   | Noticed a four-headed hydra
 11641 | Lair:1   | Killed a four-headed hydra
 11990 | Lair:1   | Reached skill level 11 in Axes
 12316 | Lair:2   | Reached XP level 12. HP: 76/89 MP: 13/17
 13368 | Lair:2   | Noticed a four-headed hydra
 13381 | Lair:2   | Killed a four-headed hydra
 13555 | Lair:2   | Noticed an eight-headed hydra
 13564 | Lair:2   | Killed an eight-headed hydra
 13829 | Lair:2   | Found a staircase to the Shoals.
 14320 | Lair:3   | Found a staircase to the Snake Pit.
 14537 | Lair:3   | Noticed a four-headed hydra
 14544 | Lair:3   | Killed a four-headed hydra
 14619 | Lair:3   | Reached skill level 12 in Axes
 14628 | Lair:3   | Reached ****** piety under Hepliaklqana
 15125 | Lair:3   | Reached XP level 13. HP: 97/97 MP: 19/19
 17958 | Lair:6   | Entered Level 6 of the Lair of Beasts
 18018 | Lair:6   | Reached skill level 13 in Axes
 18820 | Lair:6   | Reached XP level 14. HP: 50/105 MP: 15/21
 19337 | Lair:6   | Found a runed translucent door.
 19338 | Lair:6   | Found a viscous altar of Jiyva.
 19338 | Lair:6   | Found a staircase to the Slime Pits.
 19338 | Lair:6   | Noticed an azure jelly
 19338 | Lair:6   | Noticed an azure jelly
 20188 | Lair:6   | Got Sif Muna's Volume of the Doomed Arsonist
 20373 | Orc:1    | Entered Level 1 of the Orcish Mines
 20515 | Orc:1    | Reached skill level 10 in Fighting
 20636 | Orc:1    | Noticed Urug
 20649 | Orc:1    | Killed Urug
 21016 | Orc:2    | Entered Level 2 of the Orcish Mines
 21408 | Orc:2    | Found a staircase to the Elven Halls.
 22060 | Orc:2    | Paralysed by an orc sorcerer for 4 turns
 22074 | Orc:2    | Found Umaesm's Distillery.
 22113 | Orc:2    | Reached skill level 10 in Invocations
 22367 | Orc:2    | Found Zeajasm's Antique Weapon Emporium.
 22401 | Orc:2    | Bought a potion of heal wounds for 60 gold pieces
 22401 | Orc:2    | Bought a potion of curing for 36 gold pieces
 22401 | Orc:2    | Bought a potion of might for 48 gold pieces
 22401 | Orc:2    | Bought a potion of curing for 36 gold pieces
 22401 | Orc:2    | Bought a potion of heal wounds for 60 gold pieces
 22401 | Orc:2    | Bought a potion of flight for 36 gold pieces
 22412 | Orc:2    | Found a radiant altar of Vehumet.
 22413 | Orc:2    | Noticed Erolcha
 22421 | Orc:2    | Killed Erolcha
 22422 | Orc:2    | Reached skill level 14 in Axes
 22462 | Orc:2    | Found an ancient bone altar of Kikubaaqudgha.
 22578 | Orc:2    | Found Nixtix's Jewellery Emporium.
 22658 | Orc:2    | Found Giosiokk's Distillery.
 22667 | Orc:2    | Bought a potion of curing for 39 gold pieces
 22667 | Orc:2    | Bought a potion of invisibility for 104 gold pieces
 22667 | Orc:2    | Bought a potion of heal wounds for 65 gold pieces
 23040 | Orc:2    | Bought an amulet of regeneration for 450 gold pieces
 23217 | D:12     | Found a transporter.
 23222 | D:12     | Noticed puimuR's ghost (journeyman SpSu)
 23348 | D:12     | Found a shadowy altar of Dithmenos.
 23825 | D:12     | Found a transporter.
 24258 | Shoals:1 | Entered Level 1 of the Shoals
 24450 | Orc:2    | Bought an amulet of reflection for 450 gold pieces
 24699 | Shoals:1 | Noticed Mlioglotl
 24711 | Shoals:1 | HP: 5/107 [Mlioglotl (15)]
 24711 | Shoals:1 | Slain by Mlioglotl

Illustrated notes

Levels and vault maps discovered:
D:1:      dpeg_arrival_renting, layout_basic,
          dreamdust_ecumenical_altar_sealed_demon, minmay_tromino_v4_b
D:2:      layout_loops_cross
D:3:      layout_basic, old_standard_altar
D:4:      layout_gridville, kennysheep_orc_sif_temple, minmay_misc_feat_room,
          hangedman_abyss_or_decor_passed, uniq_ijyb
D:5:      lemuel_ice_spiral_2, layout_rooms, minmay_misc_feat_more_columns
D:6:      layout_loops_corners, kennysheep_generic_room_6, uniq_maggie
D:7:      layout_basic, minmay_temple_entry_mist, uniq_pikel, uniq_harold
D:8:      layout_cave_pools, serial_column_ruins, column_ruins_square_small,
          column_ruins_columns_corner, column_ruins_open_tiny,
          column_ruins_grid_1, column_ruins_open_small
D:9:      layout_gridville
D:10:     nicolae_BIG_FREAKIN_CUBE, layout_small_grid,
          mainiacjoe_overflow_catwalk_spiral, serial_glass, glass_columns_a,
          glass_columns_c, minmay_strange_pillars
D:11:     layout_basic, grunt_lair_entry_orc_guard_hut, orc_0_dummy
D:12:     layout_stronghold, serial_glass, glass_columns_a, glass_columns_c,
          minmay_strange_pillars, feat_on_display, gammafunk_ghost_stat_death,
          grunt_dithmenos_smoke_and_mirrors
Temple:   compressed_dpeg_circular_temple
Lair:1:   layout_regular_city
Lair:2:   layout_hall_layers, elwin_shoals_entry_rooms, beast_lair_carwin_4
Lair:3:   regret_index_harrowing_hell_hive, layout_hall_layers,
          minmay_snake_entry_spellcaster
Lair:4:   layout_cave_shapes, minmay_holes
Lair:5:   layout_gridlike
Lair:6:   grunt_lair_end_beastmaster, layout_regular_city, slime_altar_2
Shoals:1: layout_shoals, portal_ice_cave_entry_pillars_four, uniq_mlioglotl
Orc:1:    layout_diamond_mine, minmay_orc_keep, uniq_urug
Orc:2:    kennysheep_orc_mage_school, layout_caves, special_room,
          mines_bat_river

Skill      XL: |  1  2  3  4  5  6  7  8  9 10 11 12 13 14 |
---------------+-------------------------------------------+-----
Axes           | 3 4 5 6 7 8 9 11 12 13 14 | 14.4
Fighting       | 4 5 6 7 8 9 10 | 10.5
Invocations    | 1 2 3 4 6 7 8 9 10 | 10.4
Evocations     | 1 2 3 4 5 6 7 8 |  8.7
Dodging        | 1 2 3 4 5 6 7 |  7.9
Armour         | 3 4 5 6 7 8 |  8.4
Shields        | 3 4 5 6 7 8 |  8.0

Action                   |  1- 3 |  4- 6 |  7- 9 | 10-12 | 13-15 || total
-------------------------+-------+-------+-------+-------+-------++-------
Melee: War axe           |    57 |   102 |    31 |       |       ||   190
       Tailslap          |     8 |    13 |    28 |    84 |   121 ||   254
       Broad axe         |       |       |   168 |   404 |   396 ||   968
       Hand axe          |       |       |       |    27 |    76 ||   103
       Whip              |       |       |       |    33 |    27 ||    60
       Battleaxe         |       |       |       |       |   198 ||   198
Invok: Ancestor Identity |     1 |       |       |       |       ||     1
       Ancestor Life: Kn |       |     1 |       |       |       ||     1
 Abil: Rolling Charge    |     7 |    22 |    29 |    65 |   113 ||   236
Evoke: Wand              |       |       |       |     3 |       ||     3
  Use: Potion            |       |       |     1 |     3 |     2 ||     6
       Scroll            |       |       |    13 |    12 |     3 ||    28
 Stab: Distracted        |       |       |       |     1 |     8 ||     9
Armor: Scale mail        |    47 |    19 |       |       |       ||    66
       Chain mail        |       |    48 |   133 |   394 |   525 ||  1100
Dodge: Dodged            |    28 |    21 |    38 |   124 |   260 ||   471
Block: Buckler           |    18 |       |       |       |       ||    18
       Kite shield       |       |    40 |   112 |   311 |   300 ||   763
